 Dungeon Crawl Stone Soup version 0.18-a0-1303-g41c131c (webtiles) character file.

140 mrath the Digger (level 5, -6/28 HPs)
             Began as a Gargoyle Earth Elementalist on Feb 13, 2016.
             Mangled by Sigmund
             ... wielding a +0 scythe
              (9 damage)
             ... on level 3 of the Dungeon.
             The game lasted 00:22:20 (2595 turns).

mrath the Digger (Gargoyle Earth Elementalist)      Turns: 2595, Time: 00:22:22

Health: -6/28      AC:  7    Str: 11    XL:     5   Next: 23%
Magic:  10/10      EV: 12    Int: 17    God:
Gold:   103        SH:  0    Dex: 10    Spells: 2 memorised, 7 levels left

rFire  . . .     SeeInvis .     k - +0 short sword (venom)
rCold  . . .     Gourm    .     a - +0 robe
rNeg   + . .     Faith    .     (no shield)
rPois  ∞         Spirit   .     (no helmet)
rElec  +         Dismiss  .     y - +0 cloak
rCorr  .         Reflect  .     (no gloves)
SustAt +         Harm     .     (no boots)
MR     .....                    (no amulet)
Stlth  +.........               (no ring)
                                o - ring of sustain attributes

@: confused, not resistant to hostile enchantments, very unstealthy
A: negative energy resistance 1, electricity resistance, unbreathing,
petrification resistance, rot immunity, AC +4
a: no special abilities


You were on level 3 of the Dungeon.
You were not hungry.

You visited 1 branch of the dungeon, and saw 3 of its levels.

You collected 103 gold pieces.

Inventory:

Hand Weapons
 i - a +0 hand axe
 k - a +0 short sword of venom (weapon)
Missiles
 b - 95 stones (quivered)
 w - 12 poisoned needles
Armour
 a - a +0 robe (worn)
 y - a +0 cloak (worn)
Jewellery
 o - a ring of sustain attributes (left hand)
Wands
 v - a wand of confusion (24/48)
Scrolls
 f - 2 scrolls of identify {unknown}
 g - a scroll of amnesia {unknown}
 h - 4 scrolls of remove curse
 m - a scroll of random uselessness {unknown}
 n - a scroll of noise {unknown}
 p - a scroll of fog {unknown}
 r - a scroll of enchant armour {unknown}
 t - a scroll of recharging {unknown}
 A - a scroll of immolation {unknown}
Potions
 e - a potion of ambrosia {unknown}
 l - a potion of mutation {unknown}
 q - a potion of berserk rage {unknown}
 u - 2 potions of brilliance {unknown}
 x - a potion of curing {unknown}
Books
 c - a book of Geomancy

   Spells                             Type                      Level
   a - Sandblast                      Earth                        1
   b - Passwall                       Transmutation/Earth          2
   c - Stone Arrow                    Conjuration/Earth            3
   d - Petrify                        Transmutation/Earth          4
   e - Lee's Rapid Deconstruction     Earth                        5
Comestibles
 d - 3 bread rations
 j - 5 chunks of flesh
 s - a beef jerky
 z - a meat ration


   Skills:
 - Level 1.5 Dodging
 - Level 2.1 Stealth
 * Level 3.8 Spellcasting
 + Level 1.4 Conjurations
   Level 0.7 Transmutations
 + Level 4.8 Earth Magic


You had 7 spell levels left.
You knew the following spells:

 Your Spells              Type           Power        Failure   Level  Hunger
a - Sandblast             Erth           ###...       2%          1    None
b - Stone Arrow           Conj/Erth      ##....       14%         3    ###....


Dungeon Overview and Level Annotations

Branches:
Dungeon (3/15)

Altars:
Qazlal

Annotations:
D:3 Sigmund


Innate Abilities, Weirdness & Mutations

You are resistant to torment.
Your stone body is resilient (AC +4).
You are immune to poison.
You resist negative energy.
You are resistant to electric shocks.
You can survive without breathing.
You are immune to petrification.
You are immune to rotting.


Message History

* * * LOW HITPOINT WARNING * * *
You're too confused to move!
Sigmund barely misses you. The goblin hits you but does no damage.
Some of the chunks of flesh in your inventory have rotted away.
You feel less confused.
Sigmund hits you from afar with a scythe.
* * * LOW HITPOINT WARNING * * *
Sigmund casts a spell at you.
You are confused.
The goblin hits you but does no damage.
There is a stone staircase leading up here.
The goblin hits you but does no damage.
Sigmund gestures wildly while chanting.
Sigmund flickers and vanishes!
Deactivating autopickup; reactivate with Ctrl-A.
In your confused state, you trip and fall back down the stairs.
* * * LOW HITPOINT WARNING * * *
The goblin closely misses you. Something hits you!
You die...

### #######.##
.........# #####
.######.## #...#####
..#####.# #.#.g@..#
........# #..{###.#
..####..#####.## #.#
..............# #.#
.#####..#####.# #.#
.# #..#####.####.#
.# #..#..........#
## #..#..........#
######..#..........#


You could see a goblin.

Vanquished Creatures
  Ijyb (D:2)
  5 adders
  An ooze (D:3)
  A worm (D:2)
  A giant gecko (D:1)
  6 orcs (D:3)
  4 giant cockroaches
  4 goblins
  8 hobgoblins
  7 jackals (D:1)
  4 bats
  7 kobolds
  5 rats
54 creatures vanquished.

Notes
Turn   | Place    | Note
--------------------------------------------------------------
     0 | D:1      | mrath the Gargoyle Earth Elementalist began the quest for the Orb.
     0 | D:1      | Reached XP level 1. HP: 10/10 MP: 3/3
   381 | D:1      | Reached XP level 2. HP: 15/15 MP: 3/5
   690 | D:1      | Reached skill level 4 in Earth Magic
   961 | D:1      | Reached XP level 3. HP: 19/19 MP: 5/7
  1174 | D:2      | Found a stormy altar of Qazlal.
  1256 | D:2      | Learned a level 3 spell: Stone Arrow
  1275 | D:2      | Noticed Ijyb
  1531 | D:2      | Killed Ijyb
  1531 | D:2      | Reached XP level 4. HP: 24/24 MP: 0/9
  1673 | D:2      | Reached skill level 1 in Conjurations
  2083 | D:3      | Reached XP level 5. HP: 26/28 MP: 6/10
  2554 | D:3      | Noticed Sigmund
  2595 | D:3      | Mangled by Sigmund

Vault maps used:
D:1:      roderic_crossed_star, roderic_lattice_a
D:2:      grunt_qazlal_sundering, uniq_iyjb
D:3:      uniq_sigmund

Action                   |  1- 3 |  4- 6 || total
-------------------------+-------+-------++-------
Melee: Hand axe          |     6 |       ||     6
       Short sword       |    50 |    29 ||    79
 Cast: Sandblast         |    49 |    33 ||    82
  Use: Scroll            |     1 |       ||     1
  Eat: Chunk             |     2 |     4 ||     6
